 Seeded DCSS version 0.30.1-4-g462c640d31 (webtiles) character file.

Game seed: 6351066067085065685 (custom seed)

51 Esekla the Magician (level 3, -1/18 (19) HPs)
             Began as a Deep Elf Wanderer on Sept 18, 2023.
             Was a Follower of Vehumet.
             Slain by a gnoll
             ... wielding a +0 spear
              (4 damage)
             ... on level 1 of the Dungeon.
             The game lasted 00:18:58 (1858 turns).

Esekla the Magician (Deep Elf Wanderer)             Turns: 1858, Time: 00:18:58

HP:   -1/18 (19)    AC:  4    Str: 11    XL:     3   Next: 58%
MP:   3/11          EV: 11    Int: 19    God:    Vehumet [*.....]
Gold: 183           SH:  3    Dex: 11    Spells: 5/12 levels left

rFire   . . .        a - +1 short sword (freeze)
rCold   . . .        d - +0 buckler
rNeg    . . .        c - +0 robe
rPois   .            l - +0 helmet
rElec   .            (no cloak)
rCorr   .            k - +0 pair of gloves
SInv    .            (no boots)
Will    .....        (no amulet)
Stlth   ++           (no ring)
HPRegen 0.23/turn    (no ring)
MPRegen 0.12/turn

%: no passive effects
@: very slightly contaminated, drained
A: no striking features
a: Renounce Religion


You were on level 1 of the Dungeon.
You worshipped Vehumet.
Vehumet was aware of your devotion.
You visited 1 branch of the dungeon, and saw 4 of its levels.

You collected 183 gold pieces.

Inventory:

Hand Weapons
 a - a +1 short sword of freezing (weapon)
 s - the +5 rapier of the Hero {heavy, rN+ Dex+3}
   (You found it on level 3 of the Dungeon)

   Dex:       It affects your dexterity (+3).
   rN:        It protects you from negative energy.
Armour
 c - a +0 robe (worn)
 d - a +0 buckler (worn)
 k - a +0 pair of gloves (worn)
 l - a +0 helmet (worn)
Wands
 f - a wand of roots (9)
Scrolls
 g - a scroll of identify
 n - a scroll of enchant armour {unknown}
 o - a scroll of amnesia {unknown}
 p - a scroll of immolation {unknown}
 q - a scroll of blinking {unknown}
 t - a scroll of fog {unknown}
Potions
 b - a potion of lignification
 e - a potion of ambrosia {unknown}
 h - a potion of heal wounds {unknown}
 i - 2 potions of attraction {unknown}
 j - 2 potions of curing
 m - a potion of mutation {unknown}
 r - 2 potions of brilliance {unknown}


   Skills:
 + Level 0.2 Short Blades
 * Level 2.0 Dodging
 + Level 1.2 Stealth
 + Level 1.5 Shields
 * Level 5.2 Spellcasting
 + Level 0.9 Conjurations
 * Level 1.4 Necromancy
 + Level 2.3 Translocations
 + Level 1.0 Invocations


You had 5 spell levels left.
You knew the following spells:

 Your Spells              Type           Power      Damage    Failure   Level
a - Magic Dart            Conj           32%        1d4       12%         1
b - Blink                 Tloc           26%        N/A       11%         2
d - Vampiric Draining     Necr           10%        2d6       28%         3
p - Apportation           Tloc           26%        N/A       7%          1

Your spell library contained the following spells:

 Spells                   Type           Power      Damage    Failure   Level
 Shock                    Conj/Air       24%        1d4       14%         1
 Lesser Beckoning         Tloc           26%        N/A       11%         2
 Gell's Gravitas          Tloc           13%        N/A       21%         3
 Teleport Other           Tloc           13%        N/A       21%         3
 Ignite Poison            Fire/Tmut/Pois 4%         N/A       47%         3


Dungeon Overview and Level Annotations

Branches:
Dungeon (4/15)
 Temple: D:4-7

Altars:
Okawaru
Vehumet
Zin

Shops:
D:2 =


Message History

Casting: Magic Dart (safe; 12% risk of failure)
Confirm with . or Enter, or press ? or * to list all spells.
Aiming: Magic Dart (safe; 12% risk of failure)
Press: ? - help, Shift-Dir - straight line, f - gnoll
Aim: a gnoll, wielding a +0 spear (100% to hit)
The magic dart hits the gnoll.
The gnoll is lightly wounded.
The gnoll hits you with a +0 spear.
There is a stone staircase leading up here.
The gnoll hits you with a +0 spear.
You climb upwards.
There is a stone staircase leading down here.
Casting: Magic Dart (safe; 12% risk of failure)
Confirm with . or Enter, or press ? or * to list all spells.
The spell is astonishingly dangerous to miscast (28% risk of failure)!
Continue anyway?
Aiming: Vampiric Draining (astonishingly dangerous; 28% risk of failure)
Press: ? - help, Shift-Dir - straight line, f - gnoll
Aim: a gnoll, wielding a +0 spear (lightly wounded)
You draw life force from the gnoll.
You feel life coursing into your body. The gnoll hits you with a +0 spear.
You hit the gnoll. You freeze the gnoll.
The gnoll is heavily wounded.
The gnoll closely misses you.
You hit the gnoll. You freeze the gnoll.
The gnoll is severely wounded.
The gnoll hits you with a +0 spear.
Casting: Vampiric Draining (astonishingly dangerous; 28% risk of failure)
Confirm with . or Enter, or press ? or * to list all spells.
The spell is astonishingly dangerous to miscast (28% risk of failure)!
Continue anyway?
Aiming: Vampiric Draining (astonishingly dangerous; 28% risk of failure)
Press: ? - help, Shift-Dir - straight line, f/p - gnoll
Aim: a gnoll, wielding a +0 spear (severely wounded)
You miscast Vampiric Draining.
You are very lightly contaminated with residual magic.
The world around you seems to dim momentarily!
You feel drained.
Ouch! That really hurt!
* * * LOW HITPOINT WARNING * * *
The gnoll hits you with a +0 spear.
You die...

###.# # ###### #.### #....#
##### #..## #....###...#
##)## #..#.....#.# ####
#.....#....####### #
#..#.....#..##...#####
#...g.................
#....@.............###
#....#.............###
#....#.......)........
#######....#.#..........####
#........###.##...>#...## #
#........# #)#####.#####
#........# #.# #.#
#........# #.# #.#
#........###.# #.#


You could see a gnoll.

Vanquished Creatures
  An adder (D:2)
  A dart slug (D:1)
  5 ball pythons (D:1)
  4 endoplasms
  8 goblins
  3 hobgoblins
  A quokka (D:1)
  4 bats
  4 frilled lizards
  5 kobolds
  A rat (D:2)
37 creatures vanquished.

Notes
Turn   | Place    | Note
-------+----------+-------------------------------------------
     0 | D:1      | Esekla the Deep Elf Wanderer began the quest for the Orb.
     0 | D:1      | Esekla set off with the following items: a +0 club, a
                  | potion of lignification, a +0 robe, a +0 buckler; and the
                  | following spells available to memorise: Apportation, Blink,
                  | Lesser Beckoning, Magic Dart, Ignite Poison, Vampiric
                  | Draining.
     0 | D:1      | Reached XP level 1. HP: 10/10 MP: 7/7
     2 | D:1      | Learned a level 1 spell: Magic Dart
     4 | D:1      | Learned a level 1 spell: Apportation
   239 | D:2      | Found Renulab's Jewellery Shop.
   611 | D:4      | Found a radiant altar of Vehumet.
   622 | D:4      | Found an iron altar of Okawaru.
   633 | D:4      | Found a glowing silver altar of Zin.
   720 | D:4      | Became a worshipper of Vehumet
  1025 | D:3      | Reached XP level 2. HP: 15/15 MP: 3/9
  1168 | D:3      | Identified the +5 rapier of the Hero {heavy, rN+ Dex+3}
  1233 | D:2      | Reached skill level 1 in Dodging
  1326 | D:1      | Reached skill level 1 in Necromancy
  1347 | D:1      | Reached XP level 3. HP: 19/19 MP: 7/11
  1350 | D:1      | Learned a level 2 spell: Blink
  1354 | D:1      | Learned a level 3 spell: Vampiric Draining
  1572 | D:1      | Reached skill level 5 in Spellcasting
  1768 | D:2      | Noticed a black bear
  1820 | D:2      | Reached * piety under Vehumet
  1820 | D:2      | Offered knowledge of Shock by Vehumet.
  1858 | D:1      | Slain by a gnoll

Illustrated notes

Levels and vault maps discovered:
D:1:      sevenhm_arrival_forest_fort_small_3, layout_rooms,
          chequers_serial_rivers_room_b, minmay_misc_feat_five
D:2:      layout_loops_ring, dreamdust_ecumenical_altar_angels_and_demons,
          serial_shops, shop
D:3:      layout_basic, grunt_temple_overflow_open, minmay_misc_feat_iff
D:4:      layout_basic, nicolae_overflow_quartered_altars, serial_shops,
          nicolae_diamond_shop

Skill      XL: |  1  2  3 |
---------------+----------+-----
Dodging        | 1 2 |  2.0
Necromancy     | 1 |  1.4
Spellcasting   | 5 |  5.2
Short Blades   | |  0.2
Stealth        | |  1.2
Shields        | |  1.5
Conjurations   | |  0.9
Translocations | |  2.3
Invocations    | |  1.0

Action                     || total
---------------------------++-------
  Melee: Short sword       ||    43
   Cast: Apportation       ||    34
         Magic Dart        ||    60
         Vampiric Draining ||     1
    Use: Scroll            ||     3
         Potion            ||     1
   Stab: Sleeping          ||     1
         Distracted        ||     1
 Armour: Robe              ||    19
  Dodge: Dodged            ||    34
  Block: Buckler           ||    10
